 Dungeon Crawl Stone Soup version 0.14-a0-2474-g7d54a28 (webtiles) character file.

89028 Piginabag the Fencer (level 15, -2/217 HPs)
             Began as a Grey Draconian Abyssal Knight on Jan 25, 2014.
             Was a High Priest of Lugonu.
             Killed from afar by a merfolk aquamancer (22 damage)
             ... with a ball of steam
             ... on Level 1 of the Shoals on Feb 9, 2014.
             The game lasted 02:25:53 (50664 turns).

Piginabag the Fencer (DrAK)                        Turns: 50664, Time: 02:25:53

HP  -2/217       AC 16     Str 26      XL: 15   Next: 45%
MP  27/27        EV 16     Int 15      God: Lugonu [*****.]
Gold 1029        SH  0     Dex 14      Spells:  1 memorised, 20 levels left

rFire  . . .     SeeInvis .     K - +0 claymore (holy)
rCold  . . .     Clarity  .     (armour unavailable)
rNeg   + . .     Conserve .     (no shield)
rPois  +         rCorr    .     (helmet restricted)
rElec  +         rRot     .     A - +0 elf cloak
SustAb . .       Spirit   .     X - +0 pair of dwarf gloves
rMut   +         Warding  .     L - -1 pair of boots
Saprov . . .     Stasis   .     B - amulet of Kextel {rMut Str+2 Int+2}
MR     +....                    h - ring "Pnoczano" {Wiz +Rage +Fly rN+ Dex+2}
                                k - ring of poison resistance

@: mesmerised, berserking, slowed, somewhat resistant to hostile enchantments,
extremely unstealthy
A: walk through water, unfitting armour, camouflage 1, electricity resistance,
unbreathing, AC +14
a: Depart the Abyss, Bend Space, Banish, Corrupt, Enter the Abyss, Renounce
Religion, Evoke Berserk Rage, Evoke Flight


You were on level 1 of the Shoals.
You worshipped Lugonu.
Lugonu was extremely pleased with you.
You were not hungry.

You visited 5 branches of the dungeon, and saw 29 of its levels.
You visited the Abyss 1 time.
You also visited: Labyrinth and Ossuary.

You collected 3361 gold pieces.
You spent 2332 gold pieces at shops.

Inventory:

Hand weapons
 j - a +2,-1 orcish long sword of electrocution
 G - the +3,+6 short sword "Taotabe" {drain, rElec rC+ rN+ SInv}
   (You found it on level 7 of the Dungeon)

   A truly terrible weapon, it drains the life of those it strikes.
   It protects you from cold.
   It insulates you from electricity.
   It protects you from negative energy.
   It enhances your eyesight.
 K - a +0,+0 claymore of holy wrath (weapon)
 T - a +0,-3 great sword
Armour
 q - a -1 shield
 A - a +0 elven cloak (worn)
 L - a -1 pair of boots (worn)
 X - a +0 pair of dwarven gloves (worn)
Magical devices
 e - a wand of disintegration (9)
 r - a wand of digging (9)
 x - a wand of digging (7)
 N - a wand of hasting (0)
 O - a wand of heal wounds (0)
 S - a wand of invisibility (2)
 Y - a wand of cold (0)
Comestibles
 g - 8 grapes
 n - 4 meat rations
 p - 6 bread rations
 F - 7 cheeses
 J - 4 honeycombs
 P - 2 royal jellies
Scrolls
 i - a scroll of magic mapping
Jewellery
 a - a cursed amulet of the gourmand {unknown}
 c - an uncursed ring of protection from magic
 h - the ring "Pnoczano" (right hand) {Wiz +Rage +Fly rN+ Dex+2}
   (You bought it in a shop on level 3 of the Orcish Mines)

   [ring of wizardry]

   It affects your dexterity (+2).
   It protects you from negative energy.
   It lets you fly.
   It lets you go berserk.
 k - a ring of poison resistance (left hand)
 t - an uncursed amulet of guardian spirit {unknown}
 u - a cursed ring of hunger {unknown}
 v - the amulet "Hyupyha" {Stasis Hunger rPois Str-2 SInv}
   (You found it on level 7 of the Dungeon)

   [amulet of stasis]

   It affects your strength (-2).
   It protects you from poison.
   It enhances your eyesight.
   It speeds your metabolism.
 y - an uncursed ring of fire
 B - the amulet of Kextel (around neck) {rMut Str+2 Int+2}
   (You found it on level 9 of the Dungeon)

   [amulet of resist mutation]

   It affects your strength (+2).
   It affects your intelligence (+2).
 C - an uncursed ring of magical power {unknown}
 E - an uncursed ring of protection from fire {unknown}
 I - a cursed ring of hunger {unknown}
 Q - a +5 ring of protection
Potions
 f - a potion of brilliance
 m - 2 potions of lignification
 o - 6 potions of restore abilities
 s - 2 potions of cure mutation
 w - 3 potions of agility
 z - a potion of curing
 D - 5 potions of speed
 R - a potion of magic
 W - a potion of strong poison {unknown}
Books
 b - a book of Frost

   Spells                             Type                      Level
   Freeze                             Ice                          1
   Throw Frost                        Conjuration/Ice              2
   *Ozocubu's Armour                  Charms/Ice                   3
   Throw Icicle                       Conjuration/Ice              4
   Summon Ice Beast                   Ice/Summoning                4
   Condensation Shield                Ice                          4
 d - a book of Alchemy

   Spells                             Type                      Level
   Lethal Infusion                    Charms/Necromancy            2
   Sublimation of Blood               Necromancy                   2
   Condensation Shield                Ice                          4
   Alistair's Intoxication            Transmutation/Poison         4
   Petrify                            Transmutation/Earth          4
   Ignite Poison                      Fire/Transmutation           5
 l - a book of Beasts

   Spells                             Type                      Level
   Summon Butterflies                 Summoning                    1
   Sticks to Snakes                   Transmutation                2
   Call Canine Familiar               Summoning                    3
   Ice Form                           Ice/Transmutation            4
   Summon Ice Beast                   Ice/Summoning                4
   Summon Hydra                       Summoning                    7
Miscellaneous
 M - a plain deck of summonings {Repulsiveness}
 V - an ornate deck of war {the Blade}


   Skills:
 - Level 16.5 Fighting
 - Level 17.8 Long Blades
   Level 2.2 Polearms
 - Level 7.7 Dodging
   Level 2.8 Shields
 + Level 4.5 Spellcasting
 + Level 4.4 Charms
 - Level 8.5 Invocations
 - Level 0.7 Evocations


You had 20 spell levels left.
You knew the following spells:

 Your Spells              Type           Power        Failure   Level  Hunger
a - Ozocubu's Armour      Chrm/Ice       ##........   10%         3    ###....


Dungeon Overview and Level Annotations

Branches:
Dungeon (15/16)            Temple (0/1) D:5             Orc (4/4) D:11
    Elf (0/3) Orc:3          Lair (8/8) D:9          Shoals (1/5) Lair:4
 Spider (1/5) Lair:5        Slime (0/6) Lair:7       Vaults (0/5) D:14

Altars:
Cheibriados
Dithmengos
Elyvilon
Fedhas
Makhleb
Okawaru
Sif Muna
Vehumet
Xom
Yredelemnul
Zin
Beogh

Shops:
D:8 *!   D:13 :   Orc:2 !   Orc:3 =*}/(   Orc:4 [/*?

Annotations:
D:2 exclusion: downstairs
D:5 exclusion: downstairs
D:11 exclusion: oklob plant
D:12 exclusion: downstairs
D:15 Azrael
Orc:2 1 exclusion
Lair:3 exclusion: downstairs
Abyss:1 Aizul, Erolcha, Harold, Nergalle, Nessos, Snorg, Urug


Innate Abilities, Weirdness & Mutations

You can walk through water.
Your dull iron-grey scales are very hard (AC +14).
Your body does not fit into most forms of armour.
Your cold-blooded metabolism reacts poorly to cold.
You can survive without breathing.
Your skin changes colour to match your surroundings (Stlth).
You are resistant to electric shocks.


Message History

The merfolk aquamancer is heavily wounded.
The siren chants her luring song.
The merfolk impaler hits you from afar with a trident of freezing!
The merfolk impaler freezes you.
The merfolk aquamancer hits you with a cutlass!
* * * LOW HITPOINT WARNING * * *
The merfolk impaler completely misses you.
You are too injured to fight recklessly!
You are too injured to fight recklessly!
You are too injured to fight recklessly!
You barely miss the merfolk aquamancer.
The merfolk aquamancer is heavily wounded.
You feel yourself speed up.
The merfolk impaler hits you from afar with a trident of freezing!
* * * LOW HITPOINT WARNING * * *
You feel yourself slow down. The merfolk impaler freezes you!
* * * LOW HITPOINT WARNING * * *
The merfolk aquamancer points at you and mumbles some strange words.
The ball of steam hits you!
You die...

#.# .≈≈≈≈ ### . . # # ≈≈ # ### ≈≈
. ####.## #' ### ..≈≈
#.##..#####m#####.### ..≈≈≈≈
..##..........mm@..(## ..≈≈≈≈≈
..##..............≈≈.## ..≈≈≈≈≈≈
..##............≈≈≈≈≈.# #.≈≈≈≈≈.
P)##...........≈≈≈≈≈%####.≈≈≈≈≈≈≈
≈..#...........≈≈≈≈≈≈# #...≈≈≈≈≈≈
≈P.............≈≈≈≈≈.###...≈≈≈≈≈≈
≈≈≈≈≈.........≈≈≈≈≈≈≈....%≈≈≈≈≈≈≈
≈≈≈≈P...#....≈≈≈≈≈≈≈≈...%≈)≈≈≈≈≈≈
P≈≈≈≈...#.......≈≈≈≈≈....≈≈≈≈≈≈H≈


You could see a siren, a merfolk impaler and a merfolk aquamancer.

Vanquished Creatures
  A fire dragon (Lair:8)
  A siren (Shoals:1)
  Fannar (Lair:6)
  A ravenous item mimic (Lair:8)
  A hydra (Lair:5)
  2 orc high priests
  3 death yaks (Lair:7)
  2 centaur warriors (D:14)
  A dryad (shapeshifter) (D:14)
  A catoblepas (Lair:8)
  A skeletal warrior (D:14)
  A water nymph (Shoals:1)
  3 harpies (Shoals:1)
  3 unseen horrors
  2 orc knights
  3 orc sorcerers
  2 cyclopes
  4 griffons
  7 hill giants
  2 feature mimics
  15 spiny frogs
  6 black mambas
  4 fire drakes (Lair:8)
  4 merfolk
  2 mermaids (Shoals:1)
  9 komodo dragons
  2 orb spiders
  A polar bear (shapeshifter) (D:13)
  3 trolls
  A queen bee (Lair:5)
  2 two-headed ogres
  19 blink frogs
  2 jumping spiders (Spider:1)
  2 slime creatures (D:15)
  2 snapping turtles
  4 basilisks
  3 grizzly bears
  14 ugly things (D:14)
  A griffon skeleton (D:13)
  A redback (Spider:1)
  2 shadows
  2 tarantellas (Spider:1)
  3 elephant slugs
  A tarantella (shapeshifter) (D:14)
  15 humans (D:14)
  3 hungry ghosts
  A trapdoor spider (D:10)
  4 hill giant skeletons
  2 vampire mosquitoes (D:15)
  7 sharks
  7 hippogriffs
  A necrophage (D:7)
  A soldier ant (shapeshifter) (D:15)
  Eustachio (D:8)
  8 porcupines
  5 manticores
  26 orc warriors
  11 wolves
  A hell hound (D:15)
  A yellow wasp (D:14)
  A swamp drake (Lair:8)
  53 yaks
  A black bear (D:10)
  6 giant goldfish
  2 phantoms
  A boring beetle (Lair:8)
  19 crocodiles
  4 mottled dragons
  7 giant slugs
  2 steam dragons
  23 jellies
  4 ice beasts
  14 water moccasins
  A manticore skeleton (D:14)
  26 giant frogs
  9 wargs
  A cyclops skeleton (D:10)
  14 ogres
  3 sky beasts
  An eye of draining (D:14)
  10 wights
  A troll skeleton (D:14)
  2 big kobolds (D:12)
  6 jellyfish
  16 centaurs
  33 killer bees
  9 crimson imps
  A soldier ant zombie (D:12)
  4 spiders (Spider:1)
  5 electric eels
  A centaur skeleton (D:9)
  9 hounds
  Edmund (D:8)
  Grum (D:11)
  10 agate snails
  27 orc priests
  A giant frog skeleton (D:12)
  15 iguanas
  An orange rat (D:7)
  4 big fish
  14 worker ants
  2 big kobold zombies (Ossuary)
  19 sheep
  3 goliath beetles (D:11)
  10 mummies (Ossuary)
  A hound skeleton (D:11)
  63 green rats
  4 scorpions
  5 giant centipedes
  A gnoll (D:3)
  41 orc wizards
  22 adders
  A giant mite (Lair:3)
  5 worms
  An adder skeleton (D:9)
  5 grey rats
  An iguana skeleton (D:6)
  A giant eyeball (D:11)
  7 oozes
  211 orcs
  14 bats
  A bat skeleton (D:6)
  A bat zombie (D:3)
  8 giant cockroaches
  29 goblins
  29 hobgoblins
  13 jackals
  11 giant geckos
  4 giant newts
  3 gnoll zombies (Ossuary)
  A goblin skeleton (D:4)
  A hobgoblin zombie (Ossuary)
  19 kobolds
  3 orc zombies
  14 quokkas
  25 rats
  5 ballistomycetes (D:12)
  A butterfly (D:8)
  A fungus (Lair:4)
1190 creatures vanquished.

Vanquished Creatures (others)
  A merfolk impaler (Lair:4)
  7 hydras
  Erica (Orc:4)
  3 orc high priests (Orc:4)
  A catoblepas (Lair:8)
  A spatial maelstrom (Orc:4)
  3 large abominations (Orc:4)
  5 hill giants
  An orc knight (Orc:1)
  A cyclops (D:12)
  2 orc sorcerers (Orc:4)
  5 drowned souls (Shoals:1)
  A hellwing (Orc:4)
  2 trolls (D:10)
  A ynoxinul (Orc:4)
  A yak (D:9)
  A mottled dragon (Lair:8)
  2 small abominations
  4 orc warriors (Orc:4)
  A human zombie (Orc:4)
  2 ogres
  A giant frog (D:10)
  An agate snail (D:9)
  11 orc priests
  6 orc wizards (Orc:4)
  A scorpion (D:10)
  2 worker ants (D:10)
  2 human simulacra (D:10)
  A mummy (D:10)
  22 ufetubi
  2 orc zombies (Orc:4)
  9 orcs
  2 bats
  2 goblins
  3 giant spores (D:12)
  A ballistomycete (D:12)
  10 fungi
  A plant (Lair:8)
  4 starspawn tentacles
  11 starspawn tentacle segments (Orc:4)
138 creatures vanquished.

Grand Total: 1328 creatures vanquished

Notes
Turn   | Place    | Note
--------------------------------------------------------------
     0 | Abyss:1  | Piginabag, the Draconian Abyssal Knight, began the quest for the Orb.
     0 | Abyss:1  | Reached XP level 1. HP: 19/19 MP: 1/1
     6 | D:1      | Escaped the Abyss
   143 | D:1      | Reached XP level 2. HP: 24/27 MP: 2/2
   210 | D:1      | Reached skill level 4 in Fighting
   384 | D:1      | Acquired Lugonu's second power
   572 | D:2      | Reached XP level 3. HP: 30/34 MP: 3/3
   738 | D:2      | Found a basalt altar of Yredelemnul.
  1044 | D:3      | Reached skill level 5 in Fighting
  1406 | D:3      | Noticed a gnoll sergeant
  1505 | D:3      | Reached XP level 4. HP: 33/42 MP: 5/5
  2089 | D:3      | Found a snail-covered altar of Cheibriados.
  2089 | D:3      | Found a shadowy altar of Dithmengos.
  2179 | D:4      | Reached skill level 6 in Fighting
  2179 | D:4      | Reached skill level 1 in Shields
  2179 | D:4      | Reached XP level 5. HP: 40/50 MP: 6/6
  2682 | D:4      | Acquired Lugonu's third power
  3104 | D:5      | Entered Level 5 of the Dungeon
  3425 | D:5      | Noticed an ice beast
  3437 | D:5      | Killed an ice beast
  3437 | D:5      | Reached skill level 7 in Fighting
  3437 | D:5      | Reached XP level 6. HP: 13/60 MP: 2/7
  3634 | D:5      | Found a burning altar of Makhleb.
  3687 | D:5      | Noticed an ogre
  3698 | D:5      | Killed an ogre
  3797 | D:5      | Reached skill level 8 in Fighting
  3947 | D:5      | Got a shimmering golden ring
  3949 | D:5      | Identified the ring "Untykkia" {+/*Tele Int+2 Acc-6} (You found it on level 5 of the Dungeon)
  4032 | D:5      | Found a staircase to the Ecumenical Temple.
  4255 | D:5      | Found a sand-covered staircase.
  4341 | Ossuary  | Entered an ossuary
  4359 | Ossuary  | Your scales start taking on a dull iron-grey colour.
  4359 | Ossuary  | Gained mutation: You can survive without breathing. [draconian maturity]
  4359 | Ossuary  | Reached XP level 7. HP: 60/68 MP: 9/9
  4372 | Ossuary  | Paralysed by a potion of paralysis for 6 turns
  4378 | Ossuary  | HP: 1/69 [mummy (10)]
  4495 | Ossuary  | Reached skill level 9 in Fighting
  4918 | D:6      | Noticed an eight-headed hydra
  5504 | D:7      | Acquired Lugonu's fourth power
  5520 | D:7      | Got a twisted short sword
  5521 | D:7      | Identified the +3,+6 short sword "Taotabe" {drain, rElec rC+ rN+ SInv} (You found it on level 7 of the Dungeon)
  5790 | D:7      | Reached skill level 10 in Fighting
  6014 | D:6      | Reached XP level 8. HP: 26/79 MP: 10/10
  6299 | D:7      | Found a glowing silver altar of Zin.
  6299 | D:7      | Noticed an angel
  6302 | D:7      | Found a shimmering altar of Xom.
  6363 | D:7      | Reached skill level 11 in Fighting
  6889 | D:7      | Got a fine pewter amulet
  6891 | D:7      | Identified the amulet "Hyupyha" {Stasis Hunger rPois Str-2 SInv} (You found it on level 7 of the Dungeon)
  7115 | D:8      | Found Plorgh's Distillery.
  7122 | D:8      | Bought a potion of beneficial mutation for 420 gold pieces
  7123 | D:8      | Gained mutation: Your skin changes colour to match your surroundings (Stlth). [potion of beneficial mutation]
  7168 | D:8      | Found Woca's General Store.
  7189 | D:8      | Reached skill level 12 in Fighting
  7331 | D:8      | Found a white marble altar of Elyvilon.
  7332 | D:8      | Noticed Edmund
  7348 | D:8      | Killed Edmund
  7378 | D:8      | Noticed Eustachio
  7437 | D:9      | Found a staircase to the Lair.
  7474 | D:8      | Killed Eustachio
  7914 | D:8      | Reached XP level 9. HP: 59/91 MP: 12/12
  8461 | D:8      | Reached skill level 13 in Fighting
  8496 | D:9      | Acquired Lugonu's fifth power
  8818 | D:9      | Got a transparent golden amulet
  8832 | D:9      | Identified the amulet of Kextel {rMut Str+2 Int+2} (You found it on level 9 of the Dungeon)
  8985 | D:9      | Reached skill level 14 in Fighting
  9710 | D:9      | Reached XP level 10. HP: 104/104 MP: 16/16
  9915 | D:10     | Entered Level 10 of the Dungeon
 10181 | D:10     | Reached skill level 15 in Fighting
 10227 | D:10     | Noticed Nergalle
 10293 | D:6      | Banished an eight-headed hydra
 10398 | D:6      | Found a radiant altar of Vehumet.
 10485 | D:6      | Got a pair of warped boots
 10496 | D:6      | Identified the cursed -2 pair of boots of Wojaheuh {+Fly} (You found it on level 6 of the Dungeon)
 10670 | D:10     | Noticed a hill giant
 10689 | D:10     | Corrupted D:10
 10689 | D:10     | Noticed a rakshasa
 10689 | D:10     | Noticed a deep dwarf berserker
 10689 | D:10     | Noticed a large abomination
 10689 | D:10     | Noticed a large abomination
 10689 | D:10     | Noticed a tentacled starspawn
 10691 | D:10     | Noticed a rakshasa
 10691 | D:10     | Noticed a thrashing horror
 10692 | D:10     | Banished Nergalle
 10693 | D:10     | Noticed a lorocyproca
 10695 | D:10     | Killed a hill giant
 10707 | D:10     | Noticed a large abomination
 10932 | D:10     | Noticed Urug
 10958 | D:10     | Banished Urug
 10958 | D:10     | Reached skill level 5 in Invocations
 11524 | D:10     | Noticed a hill giant
 11548 | D:10     | Banished a hill giant
 11754 | D:11     | Found a staircase to the Orcish Mines.
 11757 | D:11     | Reached skill level 16 in Fighting
 12551 | D:11     | Noticed a hill giant
 12572 | D:11     | Banished a hill giant
 13034 | D:11     | Reached XP level 11. HP: 94/114 MP: 22/22
 13269 | D:11     | Noticed Grum
 13272 | D:11     | Noticed a hill giant
 13294 | D:11     | Noticed a hill giant
 13571 | D:12     | Noticed Harold
 13592 | D:12     | Banished Harold
 13606 | D:12     | Noticed a hill giant
 13606 | D:12     | Banished a hill giant
 13992 | D:12     | Noticed a hill giant
 14007 | D:12     | Killed a hill giant
 14854 | D:12     | Found a blossoming altar of Fedhas.
 14956 | D:12     | Noticed a hill giant
 14969 | D:12     | Killed a hill giant
 15091 | D:12     | Reached skill level 1 in Long Blades
 15728 | D:12     | Noticed an unseen horror
 15740 | D:12     | Killed an unseen horror
 16251 | D:12     | Noticed a hill giant
 16259 | D:12     | Banished a hill giant
 16798 | D:12     | Reached skill level 5 in Long Blades
 17082 | D:11     | Banished a hill giant
 18270 | D:11     | Killed Grum
 18300 | D:11     | Killed a hill giant
 18713 | D:13     | Noticed Nessos
 18956 | Orc:1    | Entered Level 1 of the Orcish Mines
 18966 | Orc:1    | Noticed Erolcha
 18973 | Orc:1    | Banished Erolcha
 19578 | Orc:1    | Found a roughly hewn altar of Beogh.
 20405 | Orc:2    | Found a deep blue altar of Sif Muna.
 20423 | Orc:2    | Reached XP level 12. HP: 79/124 MP: 24/24
 22172 | Lair:1   | Entered Level 1 of the Lair of Beasts
 23670 | Lair:2   | Reached skill level 10 in Long Blades
 23816 | Lair:2   | Found a labyrinth entrance.
 23827 | Lab      | Entered a labyrinth
 25975 | Lab      | Noticed a minotaur
 25989 | Lab      | Banished a minotaur
 27027 | Lair:3   | Found a white marble altar of Elyvilon.
 27465 | D:13     | Banished Nessos
 27941 | D:13     | Found Yxiuwiz's Book Shoppe.
 28679 | Orc:2    | Found Xaiqax's Distillery.
 28703 | Orc:2    | Bought a potion of curing for 28 gold pieces
 28703 | Orc:2    | Bought a potion of agility for 35 gold pieces
 28703 | Orc:2    | Bought a potion of speed for 77 gold pieces
 28703 | Orc:2    | Bought a potion of invisibility for 77 gold pieces
 28703 | Orc:2    | Bought a potion of berserk rage for 42 gold pieces
 28703 | Orc:2    | Bought a potion of curing for 28 gold pieces
 28703 | Orc:2    | Bought a potion of curing for 28 gold pieces
 28703 | Orc:2    | Bought a potion of curing for 28 gold pieces
 29134 | Orc:3    | Found a staircase to the Elven Halls.
 29794 | Orc:3    | Found a roughly hewn altar of Beogh.
 29796 | Orc:3    | Found Muil's Antique Weapon Boutique.
 29797 | Orc:3    | Found Rauts' Jewellery Shop.
 29841 | Orc:3    | Found Veggeig's Gadget Shoppe.
 29876 | Orc:3    | Found Faomp's General Store.
 29901 | Orc:3    | Bought a potion of heal wounds for 42 gold pieces
 29940 | Orc:3    | Found Cixec's Magical Wand Boutique.
 30098 | Orc:4    | Entered Level 4 of the Orcish Mines
 30590 | Orc:4    | Reached XP level 13. HP: 98/130 MP: 25/25
 31241 | Orc:4    | Noticed Erica
 31246 | Orc:4    | Corrupted Orc:4
 31246 | Orc:4    | Noticed a tentacled starspawn
 31246 | Orc:4    | Noticed a balrug
 31251 | Orc:4    | Killed Erica
 31618 | Orc:4    | Found Trarumean's Armour Boutique.
 31618 | Orc:4    | Found Blajuoru's Magical Wand Boutique.
 31622 | Orc:4    | Found Preob's Assorted Antiques.
 31622 | Orc:4    | Found Ruhiul's Magic Scroll Shop.
 31632 | Orc:4    | Bought a +0 elven cloak for 22 gold pieces
 31636 | Orc:4    | Bought a scroll labeled HOZOIG LACH for 30 gold pieces
 32355 | Orc:4    | Found a burning altar of Makhleb.
 33270 | Orc:3    | Bought a potion of speed for 77 gold pieces
 33280 | Orc:3    | Bought a wand of heal wounds (5) for 702 gold pieces
 35309 | Lair:4   | Found a staircase to the Shoals.
 35641 | Lair:4   | Reached skill level 15 in Long Blades
 36439 | Lair:5   | Found a hole to the Spider Nest.
 38176 | Lair:6   | Noticed Fannar
 38189 | Lair:6   | Killed Fannar
 38214 | Lair:6   | Noticed Snorg
 38230 | Lair:6   | Banished Snorg
 38239 | Lair:6   | Reached XP level 14. HP: 80/138 MP: 22/26
 40250 | Lair:7   | Found a staircase to the Slime Pits.
 40571 | Lair:8   | Entered Level 8 of the Lair of Beasts
 40708 | Lair:8   | Reached skill level 17 in Long Blades
 42284 | Lair:8   | Reached skill level 5 in Dodging
 42539 | Lair:8   | Found an iron altar of Okawaru.
 44343 | Lair:8   | HP: 4/138 [burnt (4)]
 45273 | Spider:1 | Entered Level 1 of the Spider Nest
 45334 | Lair:5   | Upgraded the game from 0.14-a0-2080-ge317583 to 0.14-a0-2091-gca92d1a
 45334 | Lair:5   | Upgraded the game from 0.14-a0-2091-gca92d1a to 0.14-a0-2340-g8df0fbc
 45334 | Lair:5   | Upgraded the game from 0.14-a0-2340-g8df0fbc to 0.14-a0-2474-g7d54a28
 45812 | D:14     | Reached XP level 15. HP: 97/145 MP: 27/27
 46827 | Orc:3    | Bought the ring "Pnoczano" {Wiz +Rage +Fly rN+ Dex+2} for 696 gold pieces
 46859 | Orc:3    | Learned a level 3 spell: Ozocubu's Armour
 46984 | D:15     | Entered Level 15 of the Dungeon
 46984 | D:15     | Noticed Azrael
 46986 | D:15     | Got a faintly glowing plate armour
 47175 | D:14     | Reached skill level 1 in Spellcasting
 47175 | D:14     | Reached skill level 1 in Charms
 47514 | D:14     | Found a gate to the Vaults.
 47536 | D:14     | Gained mutation: You are resistant to electric shocks. [potion of mutation]
 48919 | Shoals:1 | Entered Level 1 of the Shoals
 49801 | Shoals:1 | Noticed Aizul
 49812 | Shoals:1 | Banished Aizul
 50256 | Shoals:1 | Identified a scroll of acquirement
 50349 | Shoals:1 | HP: 7/145 [harpy (4)]
 50357 | Shoals:1 | HP: 6/145 [harpy (2)]
 50664 | Shoals:1 | Killed from afar by a merfolk aquamancer

Action                   |  1- 3 |  4- 6 |  7- 9 | 10-12 | 13-15 || total
-------------------------+-------+-------+-------+-------+-------++-------
Melee: Spear             |    40 |       |    76 |       |       ||   116
       Short sword       |    98 |   151 |   513 |   899 |       ||  1661
       Falchion          |       |       |       |   197 |       ||   197
       Long sword        |       |       |       |   573 |  1971 ||  2544
       Claymore          |       |       |       |       |    17 ||    17
Invok: Banish            |       |     1 |     4 |    19 |    23 ||    47
       Bend Space        |       |       |     1 |       |     3 ||     4
       Corrupt           |       |       |       |     1 |     1 ||     2
Evoke: Wand              |       |       |       |    13 |    25 ||    38
  Use: Scroll            |     8 |     1 |    11 |    13 |    14 ||    47
       Potion            |       |       |    19 |     5 |    21 ||    45
 Stab: Invisible         |       |       |     6 |       |    15 ||    21
       Sleeping          |       |       |     3 |    13 |    14 ||    30
       Paralysed         |       |       |       |     1 |       ||     1
       Distracted        |       |       |       |       |     6 ||     6
